 Dungeon Crawl Stone Soup version 0.29-a0-284-gf9362112df (webtiles) character file.

Game seed: 7714118096242402451

7 pickled the Chopper (level 2, -4/26 HPs)
             Began as a Hill Orc Monk on Mar 22, 2022.
             Slain by a gnoll
             ... wielding a +0 spear
              (6 damage)
             ... on level 1 of the Dungeon.
             The game lasted 00:00:20 (354 turns).

pickled the Chopper (Hill Orc Monk)                  Turns: 354, Time: 00:00:20

Health: -4/26      AC:  2    Str: 13    XL:     2   Next: 0%
Magic:  2/2        EV: 12    Int: 10    God:
Gold:   5          SH:  0    Dex: 13    Spells: 1/1 levels left

rFire   . . .      SeeInvis .   a - +0 hand axe
rCold   . . .      Faith    .   (no shield)
rNeg    . . .      Spirit   .   b - +0 robe
rPois   .          Reflect  .   (no helmet)
rElec   .          Harm     .   (no cloak)
rCorr   .          Rampage  .   (no gloves)
Will    .....                   (no boots)
Stlth   ++........              (no amulet)
HPRegen 0.08/turn               (no ring)
MPRegen 0.08/turn               (no ring)

@: no status effects
A: no striking features
a: no special abilities


You were on level 1 of the Dungeon.
You visited 1 branch of the dungeon, and saw 1 of its levels.

You collected 5 gold pieces.

Inventory:

Hand Weapons
 a - a +0 hand axe (weapon)
Armour
 b - a +0 robe (worn)
Jewellery
 g - a ring of ice
Scrolls
 d - a scroll of amnesia {unknown}
Potions
 c - a potion of ambrosia
 e - a potion of might {unknown}
 f - a potion of haste {unknown}


   Skills:
 - Level 3.6 Fighting
 + Level 4.7 Axes
 - Level 2.4 Dodging
 - Level 1.5 Stealth


You had one spell level left.
You didn't know any spells.
Your spell library was empty.

Dungeon Overview and Level Annotations

Branches:
Dungeon (1/15)

Altars:


Message History

The gnoll is heavily wounded.
The gnoll misses you.
You closely miss the gnoll.
The gnoll is heavily wounded.
The gnoll hits you with a +0 spear.
You completely miss the gnoll.
The gnoll is heavily wounded.
The gnoll hits you with a +0 spear. x2; The rat bites you.
You are too injured to fight recklessly!
You are too injured to fight recklessly!
You are too injured to fight recklessly!
You are too injured to fight recklessly!
You are too injured to fight recklessly!
You are too injured to fight recklessly!
You are too injured to fight recklessly!
You are too injured to fight recklessly!
You are too injured to fight recklessly!
You are too injured to fight recklessly!
You are too injured to fight recklessly!
You are too injured to fight recklessly!
You are too injured to fight recklessly!
You are too injured to fight recklessly!
You are too injured to fight recklessly!
You are too injured to fight recklessly!
You are too injured to fight recklessly!
You are too injured to fight recklessly!
You are too injured to fight recklessly!
You hit the gnoll.
The gnoll is severely wounded.
You hit the rat.
You kill the rat!
The gnoll hits you with a +0 spear.
* * * LOW HITPOINT WARNING * * *
You have reached level 2!
Unknown command.
You are too injured to fight recklessly!
You hit the gnoll.
The gnoll is almost dead.
The gnoll hits you with a +0 spear.
You die...

#.#########........
#....................###
#.........†....#........
#........[.....#.......
#..............#......
#.#.#.#.#>#.#.#.#.#.#
..................?.
#.#.#.#.#.#.#.#.#†#.#.#.
.....[..........@g......
#.#.#.#.#.#.#.#.#.#.####
.....................
##########'#########.#
#.......# # #.#######


You could see a gnoll.

Vanquished Creatures
  3 ball pythons (D:1)
  A bat (D:1)
  A hobgoblin (D:1)
  A rat (D:1)
6 creatures vanquished.

Notes
Turn   | Place    | Note
-------+----------+-------------------------------------------
     0 | D:1      | pickled the Hill Orc Monk began the quest for the Orb.
     0 | D:1      | Reached XP level 1. HP: 19/19 MP: 1/1
   162 | D:1      | Found a faded altar of an unknown god.
   354 | D:1      | Reached XP level 2. HP: 2/26 MP: 2/2
   354 | D:1      | Slain by a gnoll

Illustrated notes

Levels and vault maps discovered:
D:1:      lemuel_arrival_river_ford, layout_basic,
          shapermc_ecumenical_altar_starsandcircs, st_stairs_13, minivault_19,
          roderic_lattice_a

Action                   || total
-------------------------++-------
Melee: Hand axe          ||    24
 Stab: Sleeping          ||     1
Armor: Robe              ||     2
Dodge: Dodged            ||    20

Table legend: (Time is in decaauts)
 A = Elapsed time spent in this place.
 B = Non-inter-level travel time spent in this place.
 C = Inter-level travel time spent in this place.
 D = Time resting spent in this place.
 E = Time spent auto-exploring this place.
 F = Levels seen in this place.
 G = Mean time per level.
                   A        B        C        D        E       F      G
               +--------+--------+--------+--------+--------+-----+--------+
         Total |    358 |    358 |      0 |      0 |    302 |   1 |  358.0 |
       Dungeon |    358 |    358 |      0 |      0 |    302 |   1 |  358.0 |
               +--------+--------+--------+--------+--------+-----+--------+

Top non-repeatable levels by time:
     D:1: 358 daAuts
